 Dungeon Crawl Stone Soup version 0.27-a0-1136-g0b992a5a9d (webtiles) character file.

Game seed: 7993116887809453534

160 BoliBoli the Digger (level 5, -1/28 HPs)
             Began as a Gargoyle Earth Elementalist on May 5, 2021.
             Slain by a gnoll
             ... wielding a +0 halberd
              (4 damage)
             ... on level 3 of the Dungeon.
             The game lasted 00:07:12 (3022 turns).

BoliBoli the Digger (Gargoyle Earth Elementalist)   Turns: 3022, Time: 00:07:13

Health: -1/28      AC: 10    Str: 11 (12) XL:     5   Next: 41%
Magic:  3/9        EV: 11    Int: 16 (18) God:
Gold:   90         SH:  0    Dex:  8 (10) Spells: 1/10 levels left

rFire    . . .     SeeInvis .   e - +0 mace (holy)
rCold    + . .     Faith    .   (no shield)
rNeg     + . .     Spirit   .   i - +1 leather armour {rC+}
rPois    ∞         Reflect  .   (no helmet)
rElec    +         Harm     .   (no cloak)
rCorr    .         Rampage  .   (no gloves)
Will     .....                  (no boots)
Stlth    +.........             (no amulet)
HPRegen  0.09/turn              (no ring)
MPRegen  0.11/turn              (no ring)

@: very slightly contaminated
A: sickness immunity, AC +4, negative energy resistance 1, electricity
resistance, torment resistance 1, unbreathing 1, petrification resistance,
iridescent scales 1, clever 1, low mp 1
a: no special abilities


You were on level 3 of the Dungeon.
You visited 1 branch of the dungeon, and saw 3 of its levels.

You collected 90 gold pieces.

Inventory:

Hand Weapons
 e - a +0 mace of holy wrath (weapon)
Missiles
 b - 40 stones
Armour
 i - a +1 leather armour of cold resistance (worn)
Scrolls
 a - 2 scrolls of amnesia
 f - 2 scrolls of fear
 h - a scroll of identify
 k - 2 scrolls of fog
Potions
 d - a potion of brilliance


   Skills:
 - Level 1.5 Dodging
 - Level 2.1 Stealth
 + Level 3.4 Spellcasting
 + Level 2.2 Conjurations
 - Level 0.7 Transmutations
 + Level 5.2 Earth Magic


You had one spell level left.
You knew the following spells:

 Your Spells              Type           Power      Damage    Failure   Level
a - Sandblast             Erth           38%        2d10      2%          1
b - Stone Arrow           Conj/Erth      28%        3d8       16%         3
c - Lee's Rapid Deconstr  Erth           9%         3d8*      58%         5

Your spell library contained the following spells:

 Spells                   Type           Power      Damage    Failure   Level
 Beastly Appendage        Tmut           10%        N/A       17%         1
 Animate Skeleton         Necr           4%         N/A       24%         1
 Corona                   Hex            2%         N/A       24%         1
 Pain                     Necr           8%         1d4       24%         1
 Passwall                 Tmut/Erth      10%        N/A       11%         2
 Wereblood                Tmut           5%         N/A       26%         2
 Ensorcelled Hibernation  Hex/Ice        4%         N/A       34%         2
 Dazzling Flash           Conj/Hex       12%        N/A       41%         3
 Spider Form              Tmut/Pois      1%         N/A       52%         3
 Confusing Touch          Hex            2%         N/A       56%         3
 Tukima's Dance           Hex            2%         N/A       56%         3
 Vampiric Draining        Necr           1%         2d6       56%         3
 Petrify                  Tmut/Erth      12%        N/A       56%         4
 Ice Form                 Ice/Tmut       3%         N/A       90%         4
 Animate Dead             Necr           1%         N/A       93%         4
 Hydra Form               Tmut           2%         N/A       99%         5
 Agony                    Necr           2%         N/A       100%        5


Dungeon Overview and Level Annotations

Branches:
Dungeon (3/15)

Altars:

Shops:
D:1 =[[([


Innate Abilities, Weirdness & Mutations

You are immune to sickness and miasma.
Your stone body is resilient. (AC +4)
You are immune to poison.
You resist negative energy. (rN+)
You are resistant to electric shocks. (rElec)
You are resistant to unholy torment.
You can survive without breathing.
You are immune to petrification.
You are partially covered in iridescent scales. (AC +2)
Your mind is acute. (Int +2)
Your magical capacity is low. (-10% MP)


Message History

You struggle against the net.
The giant cockroach barely misses you.
A goblin comes into view. It is wielding a +0 dagger.
You rip the net and break free!
The giant cockroach barely misses you. The giant cockroach bites you.
The goblin shouts!
The giant cockroach misses you. The gnoll misses you.
You hit the giant cockroach.
The giant cockroach is lightly wounded.
The giant cockroach closely misses you.
The gnoll hits you from afar with a +0 halberd!
The giant cockroach closely misses you. The gnoll misses you.
You closely miss the giant cockroach.
The giant cockroach is lightly wounded.
The giant cockroach bites you but does no damage.
The gnoll hits you from afar with a +0 halberd.
Casting: Sandblast (safe; 2% risk of failure)
Confirm with . or Enter, or press ? or * to list all spells.
Aiming: Sandblast (safe; 2% risk of failure)
Press: ? - help, Shift-Dir - straight line, f - giant cockroach
Aim: a giant cockroach (lightly wounded, 79% to hit)
The blast of sand hits the giant cockroach.
You kill the giant cockroach!
The gnoll hits you from afar with a +0 halberd!
* * * LOW HITPOINT WARNING * * *
Okay, then.
Unknown command.
Found a ring mail.
Casting: Sandblast (safe; 2% risk of failure)
Confirm with . or Enter, or press ? or * to list all spells.
The spell is potentially lethal to cast (58% risk of failure)!
Continue anyway?
Aiming: Lee's Rapid Deconstruction (potentially lethal; 58% risk of failure)
Press: ? - help, Dir - move target A rock wall.
You miscast Lee's Rapid Deconstruction.
You are very lightly contaminated with residual magic.
You are caught in an explosion of flying shrapnel.
* * * LOW HITPOINT WARNING * * *
The gnoll hits you from afar with a +0 halberd.
You die...

############...
#........[.....
#@# ##g..
#.#..g.. #g#..#
#.g# #..# #...#
#...# #....#
#....#


You could see 2 gnolls.

Vanquished Creatures
  Natasha (thrice) (D:2)
  3 adders (D:2)
  2 dart slugs (D:2)
  5 orcs (D:3)
  5 endoplasms
  2 giant cockroaches
  3 goblins (D:1)
  4 hobgoblins
  3 jackals (D:2)
  3 quokkas
  2 ball pythons (D:1)
  5 bats
  5 frilled lizards
  6 kobolds
  5 rats
56 creatures vanquished.

Vanquished Creatures (others)
  18 plants (D:1)
18 creatures vanquished.

Grand Total: 74 creatures vanquished

Notes
Turn   | Place    | Note
-------+----------+-------------------------------------------
     0 | D:1      | BoliBoli the Gargoyle Earth Elementalist began the quest
                  | for the Orb.
     0 | D:1      | Reached XP level 1. HP: 10/10 MP: 3/3
    74 | D:1      | Found Giqion's Armour Emporium.
   373 | D:1      | Found Zomirghoi's Antique Weapon Shoppe.
   376 | D:1      | Found Xaxot's Antique Armour Shoppe.
   377 | D:1      | Found Tebaf's Antique Armour Emporium.
   388 | D:1      | Found Olunti's Jewellery Shoppe.
   483 | D:1      | Reached XP level 2. HP: 15/15 MP: 0/5
   581 | D:1      | Reached skill level 4 in Earth Magic
  1651 | D:2      | Reached XP level 3. HP: 19/19 MP: 6/6
  1660 | D:2      | Learned a level 3 spell: Stone Arrow
  1733 | D:2      | Noticed Natasha
  1748 | D:2      | Killed Natasha
  1749 | D:2      | Reached skill level 1 in Conjurations
  1749 | D:2      | Reached XP level 4. HP: 17/24 MP: 1/8
  1884 | D:2      | Noticed Natasha
  1890 | D:2      | Killed Natasha
  1963 | D:2      | Reached skill level 5 in Earth Magic
  2036 | D:2      | Noticed Natasha
  2053 | D:2      | Killed Natasha
  2054 | D:2      | Reached XP level 5. HP: 28/28 MP: 5/9
  2083 | D:2      | Learned a level 5 spell: Lee's Rapid Deconstruction
  2489 | D:2      | Found a faded altar of an unknown god.
  2786 | D:3      | Gained mutation: Your mind is acute. (Int +2) [potion of
                  | mutation]
  2786 | D:3      | Gained mutation: Your magical capacity is low. (-10% MP)
                  | [potion of mutation]
  2786 | D:3      | Gained mutation: You are partially covered in iridescent
                  | scales. (AC +2) [potion of mutation]
  3022 | D:3      | Slain by a gnoll

Illustrated notes

Levels and vault maps discovered:
D:1:      co_arrival_random_square_maze, layout_basic, serial_bayou,
          serial_bayou_pond_a, serial_bayou_ford_a, serial_bayou_lagoon_a,
          serial_bayou_crossing, serial_bayou_pond_c, serial_bayou_lake_a,
          serial_shops, shop_statue, shop_statue, nicolae_shop_crystal, shop,
          shop, minmay_tromino_i2
D:2:      layout_basic, chequers_ecumenical_altar_simple_redux, uniq_natasha
D:3:      kennysheep_six_static_rooms, layout_basic, kennysheep_another_room,
          hangedman_decor_peaks_small

Skill      XL: |  1  2  3  4 |
---------------+-------------+-----
Earth Magic    | 4 5 |  5.2
Spellcasting   | 3 |  3.4
Conjurations   | 1 2 |  2.2
Dodging        | |  1.5
Stealth        | |  2.1
Transmutations | |  0.7

Action                   |  1- 3 |  4- 6 || total
-------------------------+-------+-------++-------
Melee: Mace              |    88 |    80 ||   168
 Cast: Sandblast         |    21 |    16 ||    37
  Use: Potion            |     1 |     4 ||     5
       Scroll            |       |     7 ||     7
 Stab: Sleeping          |     2 |     3 ||     5
Armor: Robe              |    30 |    70 ||   100
       Leather armour    |       |     3 ||     3
Dodge: Dodged            |    79 |    91 ||   170

Table legend: (Time is in decaauts)
 A = Elapsed time spent in this place.
 B = Non-inter-level travel time spent in this place.
 C = Inter-level travel time spent in this place.
 D = Time resting spent in this place.
 E = Time spent auto-exploring this place.
 F = Levels seen in this place.
 G = Mean time per level.
                   A        B        C        D        E       F      G
               +--------+--------+--------+--------+--------+-----+--------+
         Total |   3163 |   3097 |     66 |    468 |   1900 |   3 | 1054.3 |
       Dungeon |   3163 |   3097 |     66 |    468 |   1900 |   3 | 1054.3 |
               +--------+--------+--------+--------+--------+-----+--------+

Top non-repeatable levels by time:
     D:1: 1584 daAuts
     D:2: 1267 daAuts
     D:3: 311 daAuts
